 Dungeon Crawl Stone Soup version 0.26-a0-1138-gef23d1325b (webtiles) character file.

Game seed: 6234454385114077483

7 Roikka the Magician (level 1, -1/13 HPs)
             Began as a Demonspawn Hedge Wizard on Dec 21, 2020.
             Slain by a kobold
             ... wielding a +0 short sword of holy wrath
              (7 damage)
             ... on level 1 of the Dungeon.
             The game lasted 00:03:40 (631 turns).

Roikka the Magician (Demonspawn Hedge Wizard)        Turns: 631, Time: 00:03:42

Health: -1/13      AC:  2    Str: 10    XL:     1   Next: 83%
Magic:  1/4        EV: 12    Int: 21    God:
Gold:   11         SH:  0    Dex: 12    Spells: 5/6 levels left

rFire    . . .     SeeInvis .   a - +0 dagger
rCold    . . .     Faith    .   (no shield)
rNeg     . . .     Spirit   .   b - +0 robe
rPois    .         Reflect  .   c - +0 hat
rElec    .         Harm     .   (no cloak)
rCorr    .         Rampage  .   (no gloves)
Will     .....                  (no boots)
Stlth    ++........             (no amulet)
HPRegen  0.04/turn              h - +6 ring of intelligence
MPRegen  0.09/turn              (no ring)

@: no status effects
A: no striking features
a: no special abilities


You were on level 1 of the Dungeon.
You visited 1 branch of the dungeon, and saw 1 of its levels.

You collected 11 gold pieces.

Inventory:

Hand Weapons
 a - a +0 dagger (weapon)
Armour
 b - a +0 robe (worn)
 c - a +0 hat (worn)
 f - a +0 kite shield
Jewellery
 h - a +6 ring of intelligence (left hand)
Scrolls
 d - 2 scrolls of remove curse {unknown}
 e - 2 scrolls of identify
 i - a scroll of fog {unknown}
Potions
 g - a potion of curing {unknown}
 j - a potion of degeneration {unknown}


   Skills:
 + Level 1.9 Dodging
 - Level 1.7 Stealth
 + Level 0.2 Shields
 + Level 3.0 Spellcasting
 * Level 1.3 Conjurations
 - Level 1.0 Summonings
 - Level 1.0 Translocations


You had 5 spell levels left.
You knew the following spells:

 Your Spells              Type           Power        Failure   Level
a - Magic Dart            Conj           36%          8%          1

Your spell library contained the following spells:

 Spells                   Type           Power        Failure   Level
 Blink                    Tloc           N/A          13%         2
 Call Imp                 Summ           7%           13%         2
 Slow                     Hex            3%           21%         2
 Conjure Flame            Conj/Fire      6%           30%         3
 Mephitic Cloud           Conj/Pois/Air  5%           32%         3


Dungeon Overview and Level Annotations

Branches:
Dungeon (1/15)

Altars:


Message History

The kobold throws a stone.
The stone closely misses you.
Casting: Magic Dart (safe; 8% risk of failure)
Confirm with . or Enter, or press ? or * to list all spells.
Aiming: Magic Dart (safe; 8% risk of failure)
Press: ? - help, Shift-Dir - straight line, f/p - kobold
Aim: a kobold, wielding a +0 short sword of holy wrath and quivering 3 stones (0% to evade)
The magic dart hits the kobold.
The kobold is severely wounded.
The kobold throws a stone.
The stone hits you.
The kobold throws a stone.
The stone barely misses you.
You see here a stone.
The kobold throws a stone.
The stone barely misses you. The kobold barely misses you.
You hit the kobold but do no damage.
The kobold is moderately wounded.
The kobold hits you with a +0 short sword of holy wrath!
Ouch! That really hurt!
You convulse!
Ouch! That really hurt!
You die...

# #. ##'##...#...##.# #.#.
#...#...#...####
##.#.#####...#...#...##..
#....(.#.#≈≈≈#≈≈≈#≈≈≈#...
#......#.#≈≈≈#≈≈≈#≈≈≈#...
#........#≈≈≈#≈≈≈#≈≈≈#.P.
#........#≈≈≈#≈≈≈#≈≈≈##..
#......#K#≈≈≈#≈≈≈#≈≈≈≈###
#......#@# #≈≈≈≈≈≈#
#....†.#.# ≈≈≈≈≈≈≈≈
#......#.## ≈≈≈≈≈≈≈
#......#..### .....≈≈
#......##...#### .......
.#..†....##.....#######...
..................((...>.####
....#.......############....)
....#.......# ######


You could see a kobold.

Vanquished Creatures
  A giant cockroach (D:1)
  2 hobgoblins (D:1)
  A ball python (D:1)
  A bat (D:1)
  A kobold (D:1)
  A rat (D:1)
7 creatures vanquished.

Vanquished Creatures (others)
  5 fungi (D:1)
5 creatures vanquished.

Grand Total: 12 creatures vanquished

Notes
Turn   | Place    | Note
-------+----------+-------------------------------------------
     0 | D:1      | Roikka the Demonspawn Hedge Wizard began the quest for the
                  | Orb.
     0 | D:1      | Reached XP level 1. HP: 13/13 MP: 4/4
   186 | D:1      | Reached skill level 1 in Translocations
   631 | D:1      | Slain by a kobold

Illustrated notes

Levels and vault maps discovered:
D:1:      dpeg_arrival_water_fire, layout_rooms, item_on_display_a

Skill      XL: |  1 |
---------------+----+-----
Translocations | 1 |  1.0
Dodging        | |  1.9
Stealth        | |  1.7
Shields        | |  0.2
Spellcasting   | |  3.0
Conjurations   | |  1.3
Summonings     | |  1.0

Action                   || total
-------------------------++-------
Melee: Dagger            ||    11
 Cast: Magic Dart        ||    15
  Use: Scroll            ||     1
Dodge: Dodged            ||     7

Table legend: (Time is in decaauts)
 A = Elapsed time spent in this place.
 B = Non-inter-level travel time spent in this place.
 C = Inter-level travel time spent in this place.
 D = Time resting spent in this place.
 E = Time spent auto-exploring this place.
 F = Levels seen in this place.
 G = Mean time per level.
                   A        B        C        D        E       F      G
               +--------+--------+--------+--------+--------+-----+--------+
         Total |    630 |    624 |      6 |    274 |    210 |   1 |  630.0 |
       Dungeon |    630 |    624 |      6 |    274 |    210 |   1 |  630.0 |
               +--------+--------+--------+--------+--------+-----+--------+

Top non-repeatable levels by time:
     D:1: 630 daAuts
